 Dungeon Crawl Stone Soup version 0.26-a0-720-g2a1d101370 (webtiles) character file.

Game seed: 9095110151768791260

812 marklar909 the Ruffian (level 7, -2/52 HPs)
             Began as a Black Draconian Transmuter on Nov 3, 2020.
             Was a Follower of the Shining One.
             Shot with an arrow by a centaur (9 damage)
             ... on level 6 of the Dungeon.
             The game lasted 00:08:43 (5555 turns).

marklar909 the Ruffian (Black Draconian Transmuter) Turns: 5555, Time: 00:08:43

Health: -2/52      AC: 10    Str: 14    XL:     7   Next: 61%
Magic:  11/11      EV: 13    Int: 13    God:    the Shining One [*.....]
Gold:   251        SH:  0    Dex: 12    Spells: 3/11 levels left

rFire    . . .     SeeInvis .     - Unarmed
rCold    . . .     Faith    .   (no shield)
rNeg     . . .     Spirit   .   (armour unavailable)
rPois    .         Reflect  .   (helmet currently unavailable)
rElec    +         Harm     .   (no cloak)
rCorr    .         Rampage  .   (no gloves)
MR       +....                  (boots currently unavailable)
Stlth    +.........             n - amulet of regeneration
HPRegen  0.57/turn              g - ring of protection from magic
MPRegen  0.12/turn              i - +4 ring of protection

@: short of breath, appendages (expiring), glowing
A: breathe lightning, unfitting armour, horns 2, talons 2, electricity
resistance, cold-blooded, AC +6
a: Breathe Lightning, End Transformation, Renounce Religion


You were on level 6 of the Dungeon.
You worshipped the Shining One.
The Shining One was aware of your devotion.
You had grown temporary horns.
You had grown temporary talons.
You visited 1 branch of the dungeon, and saw 6 of its levels.

You collected 251 gold pieces.

Inventory:

Missiles
 v - 7 poisoned darts (quivered)
Armour
 e - a +0 hat (melded)
Jewellery
 g - a ring of protection from magic (left hand)
 i - a +4 ring of protection (right hand)
 n - an amulet of regeneration (around neck)
 r - a cursed ring of attention {unknown}
Wands
 k - a wand of digging (4)
Scrolls
 a - 5 scrolls of identify
 b - a scroll of vulnerability {unknown}
 c - 6 scrolls of teleportation
 d - a scroll of amnesia {unknown}
 l - a scroll of enchant weapon {unknown}
 m - 7 scrolls of remove curse
 p - a scroll of magic mapping
 s - a scroll of noise {unknown}
 t - a scroll of blinking {unknown}
 u - a scroll of fear {unknown}
Potions
 f - a potion of cancellation {unknown}
 h - 2 potions of curing {unknown}
 j - a potion of brilliance {unknown}
 o - a potion of heal wounds {unknown}
 q - 3 potions of flight {unknown}


   Skills:
 + Level 1.4 Fighting
 + Level 0.6 Throwing
 + Level 3.0 Dodging
 + Level 1.0 Stealth
 + Level 5.7 Unarmed Combat
 - Level 2.7 Spellcasting
 + Level 4.5 Transmutations
 + Level 2.6 Ice Magic
 + Level 2.1 Poison Magic


You had 3 spell levels left.
You knew the following spells:

 Your Spells              Type           Power        Failure   Level
a - Beastly Appendage     Tmut           ##....       3%          1
b - Spider Form           Tmut/Pois      ##........   19%         3
c - Ice Form              Ice/Tmut       ##......     47%         4

Your spell library contained the following spells:

 Spells                   Type           Power        Failure   Level
 Wereblood                Tmut           ##......     5%          2
 Animate Skeleton         Necr           #.....       24%         1
 Apportation              Tloc           #.....       24%         1
 Corona                   Hex            #......      24%         1
 Summon Small Mammal      Summ           #...         24%         1
 Blade Hands              Tmut           ##........   69%         5


Dungeon Overview and Level Annotations

Branches:
Dungeon (6/15)             Temple (0/1) D:6

Altars:
Ashenzari
Cheibriados
Nemelex Xobeh
Okawaru
Sif Muna
Uskayaw
Vehumet
Wu Jian
The Shining One

Annotations:
D:2 1 runed translucent door, Crazy Yiuf
D:3 Sigmund


Innate Abilities, Weirdness & Mutations

You can breathe wild blasts of lightning.
Your glossy black scales are hard. (AC +6)
You cannot fit into any form of body armour.
You are resistant to electric shocks. (rElec)
You are cold-blooded and may be slowed by cold attacks.
You have a pair of horns on your head.
You have razor-sharp toenails.


Message History

The killer bee zombie is heavily damaged.
The killer bee zombie hits you but does no damage.
The killer bee zombie barely misses you.
The centaur shoots an arrow.
The arrow hits you!
You are too injured to fight recklessly!
You are too injured to fight recklessly!
Unknown command.
You are too injured to fight recklessly!
Unknown command.
Unknown command.
The centaur shoots an arrow.
The arrow barely misses you.
The killer bee zombie completely misses you.
You hear a shout!
The killer bee zombie closely misses you.
You see here an arrow.
The centaur shoots an arrow.
The arrow hits you!
* * * LOW HITPOINT WARNING * * *
A gnoll comes into view. It is wielding a +0 spear.
The centaur shoots an arrow.
The arrow hits you!
You die...

...$..##... #.
........ . ...
..>...### .> #..
#......#g..
.#..####.)..)c...
.......##(.....##
................#
.......Z..#.##..#
....##.@....# .
.# ####.### #.#
..# ###


You could see a centaur, a gnoll and a killer bee zombie.

Vanquished Creatures
  3 ogres
  A bullfrog (D:5)
  A water moccasin skeleton (D:4)
  A quasit (D:6)
  An orc priest (D:4)
  Jessica (D:2)
  A bullfrog skeleton (D:5)
  2 orc wizards
  2 worker ants
  Ijyb (D:5)
  Robin (D:3)
  5 adders
  An adder zombie (D:5)
  2 worms
  12 dart slugs
  6 leopard geckos
  10 orcs
  6 bats
  4 giant cockroaches
  10 hobgoblins
  6 jackals (D:3)
  3 kobolds
  2 quokkas
  A ball python (D:1)
  3 frilled lizards
  15 goblins
  2 leopard gecko skeletons
  A quokka skeleton (D:6)
  12 rats
116 creatures vanquished.

Notes
Turn   | Place    | Note
-------+----------+-------------------------------------------
     0 | D:1      | marklar909 the Draconian Transmuter began the quest for the
                  | Orb.
     0 | D:1      | Reached XP level 1. HP: 16/16 MP: 3/3
   169 | D:1      | Reached XP level 2. HP: 23/23 MP: 3/5
   877 | D:1      | Reached XP level 3. HP: 28/28 MP: 4/6
  1315 | D:2      | Noticed Jessica
  1337 | D:2      | Killed Jessica
  1337 | D:2      | Reached skill level 4 in Unarmed Combat
  1337 | D:2      | Reached XP level 4. HP: 34/35 MP: 5/8
  1380 | D:2      | Learned a level 3 spell: Spider Form
  1385 | D:2      | Learned a level 4 spell: Ice Form
  1701 | D:2      | Found a runed translucent door.
  1702 | D:2      | Noticed Crazy Yiuf
  2154 | D:3      | Noticed Robin
  2174 | D:3      | Killed Robin
  2174 | D:3      | Reached skill level 1 in Ice Magic
  2176 | D:3      | Reached skill level 1 in Poison Magic
  2311 | D:3      | Reached XP level 5. HP: 40/40 MP: 7/9
  2338 | D:3      | Found a broken altar of Ashenzari.
  2565 | D:3      | Found a shimmering blue altar of Sif Muna.
  2565 | D:3      | Found a glowing golden altar of the Shining One.
  2577 | D:3      | Became a worshipper of the Shining One
  2838 | D:3      | Noticed Sigmund
  3783 | D:4      | Noticed an ogre
  3789 | D:4      | Killed an ogre
  3789 | D:4      | Reached XP level 6. HP: 47/47 MP: 8/10
  4415 | D:4      | Found a radiant altar of Vehumet.
  4505 | D:5      | Entered Level 5 of the Dungeon
  4582 | D:5      | Reached skill level 5 in Unarmed Combat
  4582 | D:5      | Your scales start taking on a glossy black colour.
  4582 | D:5      | Reached XP level 7. HP: 24/52 MP: 8/11
  4582 | D:5      | Gained mutation: You are resistant to electric shocks.
                  | (rElec) [Black Draconian growth]
  4986 | D:5      | Noticed Ijyb
  4992 | D:5      | Killed Ijyb
  5058 | D:5      | Reached * piety under the Shining One
  5455 | D:5      | Found a hide-covered altar of Uskayaw.
  5455 | D:5      | Found an iron altar of Okawaru.
  5460 | D:5      | Found an ornate altar of the Wu Jian Council.
  5462 | D:5      | Found a sparkling altar of Nemelex Xobeh.
  5464 | D:5      | Found a snail-covered altar of Cheibriados.
  5523 | D:6      | Found a staircase to the Ecumenical Temple.
  5546 | D:6      | Reached skill level 1 in Stealth
  5555 | D:6      | Shot with an arrow by a centaur

Illustrated notes

Levels and vault maps discovered:
D:1:      onia_arrival_handbag, layout_loops_cross
D:2:      layout_rooms, minmay_rat_gold_closets, uniq_jessica,
          uniq_crazy_yiuf_cottage
D:3:      layout_basic, lemuel_coloured_pillars_altar,
          gammafunk_temple_overflow_statue, nrook_mini_vaults,
          minmay_hedge_maze, uniq_robin, uniq_sigmund
D:4:      kennysheep_slugbush, layout_cave_pools, marbit_many_paths,
          minmay_crystal_room
D:5:      layout_loops_cross, chequers_temple_overflow_minitemple, uniq_ijyb
D:6:      layout_loops_cross, grunt_temple_overflow_gold_and_silver,
          minmay_temple_entry_tees, serial_bayou_crossing, uniq_duvessa,
          uniq_grinder

Skill      XL: |  1  2  3  4  5  6  7 |
---------------+----------------------+-----
Dodging        | 2 3 |  3.0
Unarmed Combat | 4 5 |  5.7
Ice Magic      | 1 2 |  2.6
Poison Magic   | 1 2 |  2.1
Transmutations | 3 4 |  4.5
Stealth        | 1 |  1.0
Fighting       | |  1.4
Throwing       | |  0.6
Spellcasting   | |  2.7

Action                   |  1- 3 |  4- 6 |  7- 9 || total
-------------------------+-------+-------+-------++-------
Melee: Unarmed           |    92 |   209 |    55 ||   356
       Kick              |    13 |    27 |     8 ||    48
       Headbutt          |    12 |    17 |     3 ||    32
       Tailslap          |    11 |    19 |     5 ||    35
       Punch             |       |     2 |     2 ||     4
Throw: Dart              |       |     5 |     4 ||     9
 Cast: Beastly Appendage |    25 |    33 |     4 ||    62
       Spider Form       |       |     4 |       ||     4
 Abil: Breathe Lightning |       |       |     5 ||     5
  Use: Scroll            |       |       |     4 ||     4
 Stab: Distracted        |       |     1 |       ||     1
Armor: Skin              |    20 |    55 |    47 ||   122
Dodge: Dodged            |    48 |   138 |    76 ||   262

Table legend: (Time is in decaauts)
 A = Elapsed time spent in this place.
 B = Non-inter-level travel time spent in this place.
 C = Inter-level travel time spent in this place.
 D = Time resting spent in this place.
 E = Time spent auto-exploring this place.
 F = Levels seen in this place.
 G = Mean time per level.
                   A        B        C        D        E       F      G
               +--------+--------+--------+--------+--------+-----+--------+
         Total |   5540 |   5263 |    277 |    961 |   3443 |   6 |  923.3 |
       Dungeon |   5540 |   5263 |    277 |    961 |   3443 |   6 |  923.3 |
               +--------+--------+--------+--------+--------+-----+--------+

Top non-repeatable levels by time:
     D:3: 1362 daAuts
     D:1: 1088 daAuts
     D:4: 1075 daAuts
     D:5: 1010 daAuts
     D:2: 972 daAuts
     D:6: 32 daAuts
